AoeStats
← Rush Baby

Yucatan

510829932Analyzed
3v3 RM · 1d ago on Oct 2, 2026· 45m 51s· 6 players
Game mode
Random Map
Map size
Normal (6 player)
Population
200
Speed
Normal
Resources
Standard
Victory
Conquest
Starting age
Dark Age
Ending age
Imperial Age
RankedLock teamsTeams togetherTeam positionsShared explorationLock speedFull tech treeHidden civsTurbo modeCheats
Victory
Defeat
🇸🇪 Tatars · Sweden
1035
+16
🇸🇪 Armenians · Sweden
1024
+16
🇸🇪 Japanese · Sweden
1014
+17
🇹🇷 Burmese · Türkiye
1037
-17
🇹🇷 Khmer · Türkiye
1022
-16
🇹🇷 Inca · Türkiye
1020
-16
Rush Baby
4:11 Loom
9:51 Feudal Age
9:59 Man-at-Arms
11:52 Arson
16:17 Double-Bit Axe
17:55 Horse Collar
20:28 Castle Age
19:08 Fletching
20:00 Horse Collar
20:46 Padded Archer Armor
21:39 Bodkin Arrow
22:11 Crossbowman
22:56 Town Watch
28:57 Scale Mail Armor
28:35 Elite Skirmisher
32:37 Ballistics
36:28 Wheelbarrow
38:00 Murder Holes
39:29 Long Swordsman
42:49 Imperial Age
40:13 Pikeman
41:30 Thumb Ring
43:41 Forging
43:32 Bracer
44:16 Bow Saw
44:12 Arbalester
46:15 Iron Casting
Kort o gott, Leif
7:28 Loom
8:39 Loom
10:48 Feudal Age
15:02 Castle Age
14:46 Scale Barding Armor
15:51 Bloodlines
20:25 Forging
27:31 Iron Casting
29:34 Wheelbarrow
30:10 Horse Collar
30:18 Double-Bit Axe
30:51 Husbandry
31:24 Chain Barding Armor
31:05 Gold Mining
32:14 Heavy Plow
33:17 Husbandry
34:38 Hand Cart
36:24 Gold Shaft Mining
35:50 Town Watch
37:37 Scale Mail Armor
40:31 Imperial Age
40:42 Elite Steppe Lancer
41:47 Masonry
42:00 Ballistics
42:43 Blast Furnace
42:19 Plate Barding Armor
42:31 Stone Mining
42:55 Bow Saw
44:44 Conscription
44:30 Fletching
Nick3N^
8:15 Loom
10:32 Feudal Age
12:24 Double-Bit Axe
13:48 Scale Mail Armor
13:59 Forging
13:17 Man-at-Arms
16:43 Castle Age
15:19 Wheelbarrow
14:37 Horse Collar
18:20 Bow Saw
25:46 Heavy Plow
26:00 Stone Mining
26:01 Gold Mining
30:21 Hand Cart
30:58 Gold Shaft Mining
34:35 Imperial Age
31:55 Arson
32:10 Squires
31:56 Gambesons
31:32 Man-at-Arms
32:15 Scale Mail Armor
32:26 Forging
33:34 Chain Mail Armor
32:56 Long Swordsman
34:07 Two-Handed Swordsman
35:25 Iron Casting
35:53 Plate Mail Armor
35:11 Champion
38:13 Blast Furnace
37:16 Pikeman
76561198089966853
6:07 Loom
10:56 Feudal Age
14:52 Castle Age
15:34 Double-Bit Axe
16:57 Wheelbarrow
18:53 Gold Mining
20:27 Forging
20:11 Town Watch
20:49 Scale Barding Armor
21:54 Iron Casting
22:55 Chain Barding Armor
26:46 Horse Collar
28:25 Scale Mail Armor
29:18 Arson
29:01 Pikeman
32:25 Hand Cart
34:36 Bow Saw
37:10 Imperial Age
35:21 Husbandry
37:02 Gold Shaft Mining
36:18 Stone Mining
rabbuke
0:28 Loom
10:36 Feudal Age
11:35 Double-Bit Axe
12:39 Horse Collar
14:04 Champi Runner
14:52 Gold Mining
19:12 Castle Age
19:59 Heavy Plow
20:12 Bow Saw
21:16 Wheelbarrow
24:31 Fletching
24:53 Forging
24:58 Heavy Plow
27:19 Champi Warrior
28:00 Squires
28:18 Fletching
28:29 Scale Mail Armor
29:18 Iron Casting
28:38 Pikeman
31:40 Chain Mail Armor
32:42 Hand Cart
32:56 Town Watch
35:03 Arson
37:56 Imperial Age
36:27 Coinage
38:10 Town Patrol
38:59 Conscription
39:46 Blast Furnace
38:10 Halberdier
38:13 Elite Champi Warrior
41:07 Plate Mail Armor
seyyarvatandas
10:33 Loom
12:42 Feudal Age
21:19 Castle Age
21:39 Fletching
21:49 Crossbowman
23:05 Padded Archer Armor
25:47 Elite Skirmisher
27:39 Bodkin Arrow
30:08 Pikeman
36:31 Scale Barding Armor
36:38 Forging
42:22 Gold Mining
43:33 Chain Barding Armor
43:54 Husbandry
44:06 Bloodlines
Connection lost

Rejoining the realm…

Still unreachable

The connection could not be restored.

Session expired

The server has moved on; the page needs a fresh start.